 Dungeon Crawl Stone Soup version 0.25-a0-516-g7d600cd9ad (webtiles) character file.

Game seed: 16677764859547560433, levelgen mode: deterministic

192 ReteAZ the Magician (level 5, -1/37 HPs)
             Began as a Gnoll Wanderer on Feb 17, 2020.
             Slain by a river rat (7 damage)
             ... in a sewer.
             The game lasted 00:03:34 (2208 turns).

ReteAZ the Magician (Gnoll Wanderer)                Turns: 2208, Time: 00:03:35

Health: -1/37      AC: 11    Str: 16    XL:     5   Next: 71%
Magic:  14/14      EV:  2    Int: 14    God:
Gold:   93         SH:  0    Dex: 14    Spells: 18/18 levels left

rFire    . . .     SeeInvis .   b - +0 mace (vorpal)
rCold    . . .     Gourm    .   (no shield)
rNeg     + . .     Faith    .   j - +0 plate armour
rPois    .         Spirit   .   (no helmet)
rElec    .         Reflect  .   (no cloak)
rCorr    .         Harm     .   (no gloves)
MR       .....     Rnd*Tele +   (no boots)
Stlth    ..........             (no amulet)
HPRegen  0.12/turn              l - ring of positive energy
MPRegen  0.14/turn              d - ring of teleportation (curse)

@: constricted, very slow
A: distributed training, fangs 1, strong nose
a: no special abilities


You were in a sewer.
You were not hungry.

You visited 1 branch of the dungeon, and saw 3 of its levels.
You also visited: Sewer.

You collected 93 gold pieces.

Inventory:

Hand Weapons
 a - a +2 hand crossbow
 b - a +0 vorpal mace (weapon)
 f - a +0 dagger
 n - a +0 spear
Missiles
 o - 45 bolts
Armour
 e - a +0 robe
 j - a +0 plate armour (worn)
Jewellery
 c - an uncursed ring of fire
 d - a cursed ring of teleportation (right hand)
 l - a ring of positive energy (left hand)
 r - a +2 ring of protection
Scrolls
 k - a scroll of fear {unknown}
 s - 3 scrolls of identify {unknown}
Potions
 h - 2 potions of cancellation {unknown}
 m - a potion of might {unknown}
 p - a potion of lignification {unknown}
 q - a potion of curing {unknown}
 t - 3 potions of heal wounds {unknown}
Comestibles
 g - 5 rations
 i - 6 chunks of flesh


   Skills:
 + Level 1.5 Fighting
 + Level 1.5 Short Blades
 + Level 1.5 Long Blades
 + Level 1.5 Axes
 + Level 1.5 Maces & Flails
 + Level 1.5 Polearms
 + Level 1.5 Staves
 + Level 1.5 Slings
 + Level 1.5 Bows
 + Level 4.8 Crossbows
 + Level 1.5 Throwing
 + Level 3.0 Armour
 + Level 1.5 Dodging
 + Level 4.4 Stealth
 + Level 1.5 Shields
 + Level 1.5 Unarmed Combat
 + Level 7.3 Spellcasting
 + Level 1.2 Conjurations
 + Level 1.2 Hexes
 + Level 1.2 Charms
 + Level 1.2 Summonings
 + Level 1.2 Necromancy
 + Level 1.2 Translocations
 + Level 1.2 Transmutations
 + Level 1.2 Fire Magic
 + Level 1.2 Ice Magic
 + Level 1.2 Air Magic
 + Level 1.2 Earth Magic
 + Level 4.0 Poison Magic
 + Level 1.7 Invocations
 + Level 1.5 Evocations


You had 18 spell levels left.
You didn't know any spells.
Your spell library contained the following spells:

 Spells                   Type           Power        Failure   Level  Hunger
 Sting                    Tmut/Pois      ##..         96%         1    None
 Summon Butterflies       Summ           #.......     99%         1    None
 Spider Form              Tmut/Pois      ##........   100%        3    ##.....
 Summon Guardian Golem    Hex/Summ       #.......     100%        3    ##.....


Dungeon Overview and Level Annotations

Branches:
Dungeon (3/15)              Sewer (1/1)

Altars:


Innate Abilities, Weirdness & Mutations

Your experience applies equally to all skills.
You have very sharp teeth.
Your uncanny sense of smell can sniff out nearby items.


Message History

The adder bites you but does no damage. x2
The rat splashes around in the water.
The river rat bites you but does no damage.
The rat bites you.
* * * LOW HITPOINT WARNING * * *
The adder bites you but does no damage.
The ball python bites you but does no damage.
The ball python constricts you. The adder bites you but does no damage.
The river rat bites you.
* * * LOW HITPOINT WARNING * * *
The rat bites you.
* * * LOW HITPOINT WARNING * * *
Your unstable footing causes you to fumble your attack.
The adder bites you but does no damage. The rat bites you but does no damage.
The ball python bites you but does no damage.
The ball python constricts you. The adder barely misses you.
The rat bites you but does no damage. The adder bites you.
* * * LOW HITPOINT WARNING * * *
The river rat bites you!
You die...

##...†'.............÷÷...........
#....)#.≈≈≈≈≈≈.≈.................
#..#..#≈≈≈≈≈≈≈≈≈...≈........≈...≈
#######≈≈≈≈≈≈≈≈≈≈≈≈≈........≈≈≈≈≈
#≈≈≈≈≈≈≈≈≈≈≈≈≈≈≈....≈.≈≈≈≈≈
≈≈≈≈≈≈≈≈≈≈≈≈≈≈≈≈≈≈≈≈≈≈≈≈≈≈≈
≈#≈≈≈≈≈≈≈≈≈≈≈≈≈≈≈≈≈≈≈≈≈≈≈≈≈≈
≈≈≈≈≈≈≈≈≈S≈≈≈≈≈..≈≈≈.≈.
≈≈≈≈≈≈≈rS@r.≈.........
≈≈≈##..Srr.##... #...rr.##
...........# ...............
........###..... .......## ##..#
..##### ### ##


You could see 2 adders, a river rat, a ball python and 5 rats.

Vanquished Creatures
  A wyvern zombie (D:3)
  3 adders (D:3)
  A river rat (Sewer)
  An ooze (D:2)
  2 worms
  4 dart slugs
  2 leopard geckos (D:3)
  3 orcs (D:3)
  9 giant cockroaches
  6 goblins
  4 hobgoblins (D:3)
  5 jackals
  A quokka (D:2)
  A ball python (D:3)
  5 bats
  3 frilled lizards
  7 kobolds
  17 rats
75 creatures vanquished.

Notes
Turn   | Place    | Note
-------+----------+-------------------------------------------
     0 | D:1      | ReteAZ the Gnoll Wanderer began the quest for the Orb.
     0 | D:1      | ReteAZ set off with the following items: a +2 hand
                  | crossbow, 20 bolts, a +0 robe, a +0 dagger, a ration; and
                  | the following spells available to memorise: Sting, Summon
                  | Butterflies, Spider Form, Summon Guardian Golem
     0 | D:1      | Reached XP level 1. HP: 13/13 MP: 8/8
   276 | D:1      | Reached XP level 2. HP: 19/19 MP: 10/10
   904 | D:2      | Reached XP level 3. HP: 20/25 MP: 11/11
  1229 | D:2      | Reached skill level 1 in Invocations
  1655 | D:3      | Reached skill level 1 in Fighting
  1655 | D:3      | Reached skill level 1 in Short Blades
  1655 | D:3      | Reached skill level 1 in Long Blades
  1655 | D:3      | Reached skill level 1 in Axes
  1655 | D:3      | Reached skill level 1 in Maces & Flails
  1655 | D:3      | Reached skill level 1 in Polearms
  1655 | D:3      | Reached skill level 1 in Staves
  1655 | D:3      | Reached skill level 1 in Slings
  1655 | D:3      | Reached skill level 1 in Bows
  1655 | D:3      | Reached skill level 1 in Throwing
  1655 | D:3      | Reached skill level 1 in Dodging
  1655 | D:3      | Reached skill level 1 in Shields
  1655 | D:3      | Reached skill level 1 in Unarmed Combat
  1655 | D:3      | Reached skill level 1 in Evocations
  1745 | D:3      | Reached XP level 4. HP: 24/32 MP: 13/13
  1817 | D:3      | Reached skill level 1 in Conjurations
  1817 | D:3      | Reached skill level 1 in Hexes
  1817 | D:3      | Reached skill level 1 in Charms
  1817 | D:3      | Reached skill level 1 in Summonings
  1817 | D:3      | Reached skill level 1 in Necromancy
  1817 | D:3      | Reached skill level 1 in Translocations
  1817 | D:3      | Reached skill level 1 in Transmutations
  1817 | D:3      | Reached skill level 1 in Fire Magic
  1817 | D:3      | Reached skill level 1 in Ice Magic
  1817 | D:3      | Reached skill level 1 in Air Magic
  1817 | D:3      | Reached skill level 1 in Earth Magic
  1817 | D:3      | Reached XP level 5. HP: 21/37 MP: 14/14
  2077 | D:3      | Found a glowing drain.
  2087 | Sewer    | Entered a sewer
  2208 | Sewer    | Slain by a river rat

Levels and vault maps discovered:
D:1:      psy_arrival_spokes, layout_basic
D:2:      layout_loops_corners, first_ration
D:3:      layout_rooms, portal_sewer_entry_f
Sewer:    sewer_minmay_treatment

Skill      XL: |  1  2  3  4  5 |
---------------+----------------+-----
Invocations    | 1 |  1.7
Fighting       | 1 |  1.5
Short Blades   | 1 |  1.5
Long Blades    | 1 |  1.5
Axes           | 1 |  1.5
Maces & Flails | 1 |  1.5
Polearms       | 1 |  1.5
Staves         | 1 |  1.5
Slings         | 1 |  1.5
Bows           | 1 |  1.5
Throwing       | 1 |  1.5
Dodging        | 1 |  1.5
Shields        | 1 |  1.5
Unarmed Combat | 1 |  1.5
Evocations     | 1 |  1.5
Conjurations   | 1 |  1.2
Hexes          | 1 |  1.2
Charms         | 1 |  1.2
Summonings     | 1 |  1.2
Necromancy     | 1 |  1.2
Translocations | 1 |  1.2
Transmutations | 1 |  1.2
Fire Magic     | 1 |  1.2
Ice Magic      | 1 |  1.2
Air Magic      | 1 |  1.2
Earth Magic    | 1 |  1.2
Armour         | 3 |  3.0
Poison Magic   | 4 |  4.0
Crossbows      | |  4.8
Stealth        | |  4.4
Spellcasting   | |  7.3

Action                   |  1- 3 |  4- 6 || total
-------------------------+-------+-------++-------
Melee: Mace              |    15 |    34 ||    49
       Bite              |     3 |     3 ||     6
       Unarmed           |       |     8 ||     8
 Fire: Hand crossbow     |    72 |    57 ||   129
  Use: Scroll            |     5 |       ||     5
  Eat: Chunk             |     2 |     2 ||     4
Armor: Robe              |     2 |       ||     2
       Plate armour      |    18 |   124 ||   142
Dodge: Dodged            |     7 |    25 ||    32

Table legend:
 A = Non-vault XP
 B = Vault XP
 C = Vault XP percentage of total XP
 D = Non-vault monster count
 E = Vault monster count
 F = Vault count percentage of total count
                 A         B        C        D         E       F
            +---------+---------+-------+---------+---------+-------
      Total |     245 |      30 |  10.9 |      62 |      13 |  17.3
            +---------+---------+-------+---------+---------+-------
        D:1 |      20 |       0 |   0.0 |      11 |       0 |   0.0
        D:2 |      39 |       0 |   0.0 |      17 |       0 |   0.0
        D:3 |     186 |       7 |   3.6 |      34 |       3 |   8.1
      Sewer |       0 |      23 | 100.0 |       0 |      10 | 100.0
            +---------+---------+-------+---------+---------+-------
